[Event "Late-Titled-Tuesday-Blitz-April-02-2024"]
[Site "Chess.com"]
[Date "2024.04.02"]
[Round "11"]
[White "Navyblue1"]
[Black "rcmz"]
[Result "1-0"]
[WhiteElo "2284"]
[BlackElo "2205"]
[TimeControl "180+1"]
[EndTime "16:04:50 PDT"]
[Termination "Navyblue1 won by resignation"]

1. d4 d6 2. c4 Nd7 3. Nc3 c6 4. e4 h6 5. Nf3 g5 6. h3 Bg7 7. Be2 Qc7 8. Be3 Nf8 9. Rc1 Ng6 10.
O-O g4 11. hxg4 Bxg4 12. d5 Nf6 13. Qa4 Kf8 14. Rfd1 Bd7 15. Qc2 Ng4 16. Bd4 N4e5 17. Nxe5 Nxe5 18. f4 Ng4 19. Bxg7+ Kxg7 20. Bxg4 Bxg4 21.
Rf1 Qb6+ 22. Qf2 Qxf2+ 23. Kxf2 f5 24. Rfe1 Kf7 25. e5 h5 26. exd6 exd6 27. Re6 Rad8 28. Rce1 Rhe8 29. b3 Rxe6 30. Rxe6 Rd7 31. Rh6 Kg7 32.
Re6 Kf7 33. Re3 Re7 34. g3 Rxe3 35. Kxe3 Ke7 36. a3 Kd7 37. b4 Kc7 38. Kd4 Kd7 39. Nb1 cxd5 40. Kxd5 Bf3+ 41. Kd4 Ke6 42. Nc3 a6 43. a4 b6 44. Ke3 Bc6 45. b5 axb5 46. axb5 Bb7 47. Kd4 Bf3 48. Na4 d5 49. Nxb6 dxc4 50. Nxc4 Bb7 51. Kc5 Bd5 52. b6 Ba8 53.
Na5 Bd5 54. b7 Bxb7 55. Nxb7 Kf6 56. Kd4 Ke6 57. Nc5+ Kd6 58. Nd3 Ke6 59. Ne5 Kd6 60. Ng6 Ke6 61. Nh4 Kf6 62. Kd5 Kg7 63. Nxf5+ Kg6 64.
Nh4+ Kh6 65. Ke5 Kg7 66. Kf5 Kh6 67. Kf6 Kh7 68. Kg5 Kg7 69. Kxh5 1-0

[Event "Late-Titled-Tuesday-Blitz-April-02-2024"]
[Site "Chess.com"]
[Date "2024.04.02"]
[Round "11"]
[White "Njal28"]
[Black "Sargsyan_Shant"]
[Result "1-0"]
[WhiteElo "3068"]
[BlackElo "2971"]
[TimeControl "180+1"]
[EndTime "16:04:51 PDT"]
[Termination "Njal28 won by checkmate"]

1. e4 e5 2. Nf3 Nc6 3. Nc3 Nf6 4. Nd5 d6 5. d4 Be7 6. Bb5 O-O 7. Nxe7+ Qxe7 8. d5 Nb8 9. Bd3 Nbd7 10. O-O Nc5 11. Bg5 h6 12. Bh4 a5 13. Nd2 g5 14. Bg3 Kg7 15. Re1 Bg4 16. f3 Bd7 17. Bf2 b6 18. Bf1 Nh5 19. Nc4 Nf4 20. Ne3 f5 21. exf5 Bxf5 22.
Nxf5+ Rxf5 23. c3 a4 24. Qc2 Rf6 25. b4 axb3 26. axb3 Rxa1 27. Rxa1 Nxd5 28. b4 Ne6 29. Ra7 Rf7 30. Bc4 Ndf4 31. Bxb6 d5 32. Bf1 e4 33. Bf2 Qf6 34. fxe4 dxe4 35. Ra1 Nd5 36. Qd2 c6 37. b5 Nxc3 38. bxc6 Ne2+ 39. Qxe2 Qxa1 40. Qxe4 Qf6 41. Qe3 Nf4 42. g3 Ng6 43. Qc5 Ne5 44. c7 Nf3+ 45. Kh1 Ne5 46. c8=Q Qf3+ 47. Kg1 Qe4 48. Qd4 Qf5 49.
Qcc3 Re7 50. Bg2 Kg6 51. Qe4 Kh5 52. Qxf5 Nf3+ 53. Qcxf3# 1-0

[Event "Late-Titled-Tuesday-Blitz-April-02-2024"]
[Site "Chess.com"]
[Date "2024.04.02"]
[Round "11"]
[White "BogdanDeac"]
[Black "Zhigalko_Sergei"]
[Result "1-0"]
[WhiteElo "3088"]
[BlackElo "2869"]
[TimeControl "180+1"]
[EndTime "16:04:55 PDT"]
[Termination "BogdanDeac won on time"]

1. d4 Nf6 2. c4 e6 3. Nc3 Bb4 4. Qc2 O-O 5. e4 d5 6. e5 Ne4 7. Bd3 c5 8. Nf3 cxd4 9. Nxd4 Nd7 10.
Bf4 Ndc5 11. O-O Bxc3 12. bxc3 Bd7 13. cxd5 Ba4 14. Nb3 Nxd3 15. Qxd3 Qxd5 16. Qe3 Qc4 17. Rac1 Rac8 18. Na5 Qa6 19. Nb3 Qc4 20. Na5 Qc5 21. Nxb7 Qxe3 22. Bxe3 Nxc3 23. Rfe1 Nxa2 24. Ra1 Bb3 25.
Nd6 Ra8 26. Reb1 Bd5 27. Rb5 Rfb8 28. Ra5 a6 29. h4 Nb4 30. h5 h6 31. R1a3 Nc6 32.
Rxa6 Rxa6 33. Rxa6 Nxe5 34. f3 Nc4 35. Nxc4 Bxc4 36.
Ra5 Bd5 37. Kf2 Rc8 38. Kg3 f6 39. Ra3 Kh7 40. Ra7 Kg8 41. Rd7 Rc4 42. Rd8+ Kf7 43. Rd7+ Kg8 44. Rd8+ Kh7 45. Rd7 Ra4 46. Bc5 Rc4 47.
Bf8 Kg8 48. Bxg7 Bc6 49. Re7 Rc5 50. Bxf6 Rxh5 51. Rxe6 Bd7 52. Rd6 Bf5 53. Kf4 Bg6 54. g4 Rb5 55. Be5 Kh7 56. Rd7+ 1-0

[Event "Late-Titled-Tuesday-Blitz-April-02-2024"]
[Site "Chess.com"]
[Date "2024.04.02"]
[Round "11"]
[White "Godzillator"]
[Black "dennisodessa"]
[Result "1-0"]
[WhiteElo "2419"]
[BlackElo "2545"]
[TimeControl "180+1"]
[EndTime "16:04:58 PDT"]
[Termination "Godzillator won on time"]

1. c4 e5 2. d3 Nc6 3. Nf3 Nf6 4. g3 d5 5. cxd5 Nxd5 6. Bg2 Be7 7. O-O O-O 8. Nc3 Nb6 9. a4 a5 10. Be3 Nd5 11.
Nxd5 Qxd5 12. Nd4 Qd7 13. Nxc6 bxc6 14. Qc2 Bb7 15. Rfc1 Ra6 16. Qc4 Rb8 17. Rc2 Bb4 18. Rac1 Bd6 19. b3 h6 20. d4 exd4 21. Bxd4 Raa8 22. Qc3 f6 23. Bc5 Bxc5 24. Qxc5 Ra6 25. Qc3 Qe6 26. Rd2 Rb6 27. Qxa5 Qxb3 28. Rd7 Qe6 29.
Rxc7 Ra6 30. Qb4 c5 31. Qb5 Rb6 32. Qd7 Qxd7 33. Rxd7 Bxg2 34. Kxg2 Rb2 35. Rxc5 Rxe2 36. Rcc7 Rbb2 37. Rxg7+ Kh8 38. Rgd7 Rxf2+ 39. Kh3 Rxh2+ 40. Kg4 Rb8 41. Rh7+ Kg8 42. Rcg7+ Kf8 43. a5 Ra2 44. Rf7+ Kg8 45. Rhg7+ Kh8 46. Rh7+ Kg8 47. Rfg7+ Kf8 48. Ra7 Kg8 49. Kh5 Rxa5+ 50. Kxh6 Rxa7 51. Rxa7 Rb5 52. Rg7+ Kf8 53. g4 Re5 54. Kh7 1-0

[Event "Late-Titled-Tuesday-Blitz-April-02-2024"]
[Site "Chess.com"]
[Date "2024.04.02"]
[Round "11"]
[White "Viktoker"]
[Black "UK_23"]
[Result "0-1"]
[WhiteElo "2494"]
[BlackElo "2412"]
[TimeControl "180+1"]
[EndTime "16:04:58 PDT"]
[Termination "UK_23 won on time"]

1. d4 d5 2. c4 e6 3. Nc3 Nf6 4. cxd5 exd5 5. Bg5 Be7 6. e3 O-O 7. Bd3 Re8 8. Nge2 c6 9. O-O Nbd7 10. Qc2 g6 11. f3 b5 12. Rae1 Bb7 13. Kh1 Rc8 14.
a3 a5 15. Ng3 b4 16. Na4 c5 17. Nxc5 Nxc5 18. dxc5 Bxc5 19. Bb5 Bxe3 20. Rxe3 Rxe3 21. Qd2 d4 22. Bxe3 dxe3 23. Qxe3 Rc2 24. a4 Ng4 25. fxg4 Bxg2+ 26. Kg1 Bxf1 27. Bxf1 Rxb2 28. Ne4 Qh4 29. Qf4 Qd8 30. Qe5 Qb6+ 31. Kh1 Qc6 32. g5 b3 33. Kg1 Qb6+ 34. Kh1 Qc6 35. h3 Rf2 36. Bg2 Qc1+ 37. Kh2 Qf4+ 38. Qxf4 Rxf4 39. Nf6+ Kg7 40. Nd5 Rxa4 41. Nc3 Rb4 42. Nb1 a4 43. Bd5 b2 44. Kg3 f6 45. gxf6+ Kxf6 46. Nc3 a3 47.
Ba2 Ke5 48. Nb1 Kd4 49. Kf3 Kd3 50. Kf2 h5 51. Kf3 g5 52. Kg3 h4+ 53. Kf3 Rf4+ 54. Kg2 Kc2 55. Kg1 Rf3 56. Kg2 Rg3+ 57. Kh2 Kc1 0-1

[Event "Late-Titled-Tuesday-Blitz-April-02-2024"]
[Site "Chess.com"]
[Date "2024.04.02"]
[Round "11"]
[White "Revan_2002"]
[Black "Shahdad2007"]
[Result "0-1"]
[WhiteElo "2731"]
[BlackElo "2618"]
[TimeControl "180+1"]
[EndTime "16:05:00 PDT"]
[Termination "Shahdad2007 won by resignation"]

1. b3 b6 2. Bb2 Bb7 3. e3 Nf6 4. f4 g6 5. Nf3 Bg7 6. g3 O-O 7. Bg2 c5 8. O-O Nc6 9. Qe2 d5 10. d3 d4 11. e4 Ng4 12. Bc1 Ne3 13. Bxe3 dxe3 14. c3 Nb4 15. Rd1 Ba6 16. Ne1 Nc6 17. Qxe3 Qd7 18. e5 Rad8 19. Nf3 f6 20. d4 fxe5 21. fxe5 cxd4 22. cxd4 Nb4 23. Na3 Qg4 24. Rac1 Bb7 25. Ne1 Bxg2 26. Nxg2 Nd5 27. Qd2 Qh5 28. Qd3 Bh6 29. Rb1 Rf3 30. Qc4 Kh8 31. Rf1 Nc3 32.
Rbe1 Rdf8 33. Rxf3 Qxf3 34. Rf1 Ne2+ 35. Qxe2 Qxe2 36. Rxf8+ Bxf8 37. Nc4 e6 38. Nf4 Qd1+ 39. Kg2 Qxd4 40. h4 Bh6 41. Kf3 Bxf4 42. gxf4 Qa1 43. Nd6 Qxa2 44. Kg4 Qxb3 45. Kg5 Qg3+ 46. Kf6 Qxf4+ 47.
Kxe6 Qxh4 48. Kf7 Qf4+ 49. Ke6 Kg8 50. Kd5 h5 51. e6 Kf8 52. Kc6 Qf6 53. Kd7 Qe7+ 54.
Kc6 Qxe6 55. Kc7 Qxd6+ 56. Kxd6 h4 0-1

[Event "Late-Titled-Tuesday-Blitz-April-02-2024"]
[Site "Chess.com"]
[Date "2024.04.02"]
[Round "11"]
[White "Msb2"]
[Black "Hikaru"]
[Result "0-1"]
[WhiteElo "3039"]
[BlackElo "3258"]
[TimeControl "180+1"]
[EndTime "16:05:02 PDT"]
[Termination "Hikaru won by resignation"]

1. d4 b6 2. c4 e6 3. a3 g6 4. Nc3 Bg7 5. e4 d6 6. Nf3 Nd7 7. Be2 a6 8. O-O Ne7 9. Be3 h6 10. Qd2 g5 11. Ne1 Ng6 12. Nd3 c5 13. d5 Nde5 14.
Nxe5 Bxe5 15. g3 Qf6 16. f4 gxf4 17. gxf4 Bd4 18. e5 dxe5 19. Ne4 Qh4 20. Bxd4 exd4 21. Rae1 O-O 22. Ng3 exd5 23. cxd5 Bh3 24. Rf2 Rfe8 25.
d6 Re3 26. Bf1 Rae8 27. Ree2 Bg4 28. f5 Ne5 29. Rxe3 dxe3 30. Qxe3 Nf3+ 31. Rxf3 Rxe3 32.
Rxe3 Bd1 33. Rd3 Ba4 34. d7 Qd8 35. f6 Bxd7 36. Bh3 Qxf6 37. Rxd7 Qxb2 38. Nf5 Qxa3 39. Kg2 Qb2+ 40. Kg3 Qf6 41. Rb7 c4 42. Bg4 c3 43.
Rb8+ Kh7 44. Rc8 h5 45. Bh3 b5 46. Ne3 Qe5+ 47. Kf3 b4 48. Bf5+ Kg7 49. Bc2 Qxh2 50. Nf5+ Kf6 51. Be4 Qh3+ 52. Kf4 Qh2+ 53. Kf3 a5 54.
Rc6+ Kg5 55. Ne3 Qf4+ 56. Ke2 Qxe4 57. Rc5+ Kg6 58. Rxa5 b3 59. Ra6+ Kh7 60. Rh6+ Kxh6 61. Kf2 Kg6 62. Kg3 Qxe3+ 63. Kh4 Qg5+ 64. Kh3 c2 65. Kh2 b2 66. Kh3 b1=Q 67. Kh2 Qb3 68. Kh1 c1=Q+ 69. Kh2 Qcc3 70. Kh1 f5 71. Kh2 f4 72. Kh1 f3 73. Kh2 f2 0-1

[Event "Late-Titled-Tuesday-Blitz-April-02-2024"]
[Site "Chess.com"]
[Date "2024.04.02"]
[Round "11"]
[White "prochn"]
[Black "teresin05"]
[Result "0-1"]
[WhiteElo "2468"]
[BlackElo "2289"]
[TimeControl "180+1"]
[EndTime "16:05:03 PDT"]
[Termination "teresin05 won by resignation"]

1. d4 d5 2. c4 c6 3. g3 Nf6 4. Bg2 Bf5 5. cxd5 cxd5 6. Qb3 Qd7 7. Nf3 Nc6 8. Nc3 e6 9. Bf4 Bb4 10. O-O O-O 11. Ne5 Nxe5 12. Qxb4 Nc6 13. Qa4 a6 14. e3 b5 15. Qd1 Na5 16. b3 Rac8 17. Rc1 Nc6 18. a4 b4 19. Nb1 Na5 20. Nd2 Rc3 21.
Qe2 Rfc8 22. Ra1 Rc2 23. Qd1 R2c3 24. Be5 Bc2 25. Qf3 Ne4 26. Nxe4 dxe4 27. Qg4 f5 28. Qg5 Nxb3 29. Ra2 Nd2 30. g4 b3 31. Rb2 Nxf1 32. Bxf1 Bd3 33. Bh3 Rc1+ 34. Kg2 Bf1+ 35. Kg3 Bxh3 36.
Kxh3 h6 37. Qg6 Qf7 38. Qxf7+ Kxf7 39. Rxb3 fxg4+ 40. Kxg4 Kg6 41. Rb7 Rg1+ 42. Kf4 Kh7 43. Re7 Rc4 44. a5 Ra4 45. Bc7 Rg2 46. Kxe4 Rxf2 47.
Rxe6 Rc2 48. Re7 Kg8 49. Be5 Rg2 50. Bc7 Rc2 51. Bb6 Rxh2 52. Kd5 h5 53. e4 h4 54. Bc7 Re2 55. Be5 Rg2 56. Ke6 h3 57. d5 h2 58.
Bxh2 Rxh2 59. e5 Rxa5 60. d6 Re2 61. Kf5 Raxe5+ 62. Rxe5 Rxe5+ 63. Kxe5 Kf8 64. Kd5 Ke8 65. Kc6 Kd8 66. Kb6 g5 67. Kxa6 g4 68. Kb5 g3 69.
Kc4 g2 0-1

[Event "Late-Titled-Tuesday-Blitz-April-02-2024"]
[Site "Chess.com"]
[Date "2024.04.02"]
[Round "11"]
[White "dosto07"]
[Black "KnightDuta"]
[Result "0-1"]
[WhiteElo "2474"]
[BlackElo "2728"]
[TimeControl "180+1"]
[EndTime "16:05:06 PDT"]
[Termination "KnightDuta won by checkmate"]

1. e4 c5 2. Nf3 Nc6 3. Bb5 g6 4. Bxc6 dxc6 5. d3 Nf6 6. h3 Nd7 7. Nc3 e5 8. Be3 Bg7 9. Qd2 h6 10. Nh2 Qe7 11. O-O Nf8 12. f4 exf4 13. Bxf4 Ne6 14.
Be3 Nd4 15. Nf3 Be6 16. Rae1 O-O-O 17. Qf2 g5 18. Bxd4 cxd4 19. Ne2 Qb4 20. b3 c5 21.
Ng3 Rhg8 22. Nh5 Bh8 23. Nh2 Qa5 24. a4 Be5 25. Ng4 Bb8 26. e5 Rg6 27. Qe2 Bc7 28. Rf3 Bd5 29. Rf6 Be6 30. Ref1 Qc3 31. R1f2 Kb8 32.
Qe4 Bd5 33. Qe2 Be6 34. Rxg6 fxg6 35. Ng7 Bxg4 36. hxg4 Rg8 37. Rf7 c4 38. bxc4 Qa1+ 39. Qf1 Qxf1+ 40. Kxf1 Bxe5 41. Ne6 Re8 42. Nc5 Bc7 43.
Ne4 Bf4 44. Rf6 Rg8 45. Ke2 h5 46. g3 Bc1 47. Kf3 h4 48. gxh4 gxh4 49. Kg2 g5 50.
Kh3 Bf4 51. Rf5 Rg6 52. a5 Kc7 53. c5 Kc6 54. Rf7 a6 55. Rf5 Kb5 56. Rf7 Kc6 57. Rf5 Rg7 58. Nf6 Kb5 59. Ne4 Kxa5 60. c6+ Kb6 61.
cxb7 Kxb7 62. Nd6+ Bxd6 63. Rd5 Bf4 64. Rxd4 Re7 65.
Rb4+ Ka7 66. d4 Re2 67. d5 Rh2# 0-1

[Event "Late-Titled-Tuesday-Blitz-April-02-2024"]
[Site "Chess.com"]
[Date "2024.04.02"]
[Round "11"]
[White "chess_sharparchitect"]
[Black "Sesleria"]
[Result "0-1"]
[WhiteElo "2270"]
[BlackElo "2174"]
[TimeControl "180+1"]
[EndTime "16:05:07 PDT"]
[Termination "Sesleria won on time"]

1. c4 e6 2. e4 c5 3. Nc3 Nc6 4. Nf3 Nge7 5. d4 cxd4 6. Nxd4 Nxd4 7. Qxd4 Nc6 8. Qd1 a6 9. Be2 Be7 10. O-O O-O 11. Be3 d6 12. Qd2 Qc7 13. b3 Bf6 14. Rac1 Rd8 15. f4 Qa5 16. Bf3 Bd7 17. Rf2 Be8 18. g4 h6 19. Rg2 g5 20. fxg5 Bxg5 21.
Bxg5 Qxg5 22. Qxg5+ hxg5 23. h4 Ne5 24. Be2 Bc6 25.
hxg5 Kg7 26. Rf1 Rh8 27. Rh2 Rxh2 28. Kxh2 Rh8+ 29. Kg3 Ng6 30. b4 Ne5 31. b5 axb5 32.
cxb5 Bd7 33. Rd1 Rc8 34. Na4 Rc2 35. Bf1 Kg6 36. Rxd6 Kxg5 37. Nb6 Be8 38. a4 Rc3+ 39. Kf2 Nxg4+ 40. Ke1 Ne3 41. Be2 Kf4 42. Kd2 Ra3 43.
Rd3 Nc4+ 44. Kc2 Rxd3 45. Bxd3 Nxb6 46. a5 Nc8 47. a6 bxa6 48. bxa6 Nb6 49. Kb3 f5 50.
exf5 exf5 51. Kb4 Ke5 52. Kc5 Na8 53. a7 f4 54. Be2 Bd7 55. Bf3 Nc7 56. a8=Q Nxa8 57. Bxa8 Bf5 58. Bf3 Be4 59. Bh5 Kf6 60.
Kc4 Kg5 61. Be2 Kh4 62. Kd4 Bh1 63. Bf1 Kg3 64. Kd3 f3 65. Kd2 Bg2 66. Bd3 Kf2 67. Bc4 Kg3 0-1

[Event "Late-Titled-Tuesday-Blitz-April-02-2024"]
[Site "Chess.com"]
[Date "2024.04.02"]
[Round "11"]
[White "temus_galaktionov"]
[Black "bascheyaro"]
[Result "0-1"]
[WhiteElo "2869"]
[BlackElo "2848"]
[TimeControl "180+1"]
[EndTime "16:05:08 PDT"]
[Termination "bascheyaro won by checkmate"]

1. d4 d5 2. c4 c6 3. Nf3 Nf6 4.
Qb3 Qb6 5. Nc3 dxc4 6. Qxc4 Bf5 7. g3 e6 8. Bg2 Nbd7 9. O-O Qb4 10. Nd2 Nb6 11.
Qb3 Qxb3 12. Nxb3 Bb4 13. a3 Bxc3 14. bxc3 Na4 15. Bd2 Ne4 16. Bxe4 Bxe4 17. f3 Bd5 18. Rab1 Bxb3 19. Rxb3 b5 20. e4 Nb6 21. Bf4 a5 22.
Bd6 a4 23. Rb4 Kd7 24. Bc5 Nc4 25. Ra1 f6 26. Kf2 h5 27. Ke2 h4 28. g4 g5 29.
Rbb1 f5 30. Rg1 Rhg8 31. Rae1 f4 32. e5 Ke8 33. Kd3 Kf7 34. Bb4 Rgd8 35. Kc2 Rd5 36. Re4 Ne3+ 37. Kb2 Rad8 38. Re1 Nc4+ 39. Kc2 h3 40.
R1e2 R8d7 41. Re1 Kg6 42. R1e2 Rd8 43. Re1 Nb6 44. R1e2 Nd7 45. Bd6 c5 46. dxc5 Nxc5 47. Rd4 Rxd4 48. cxd4 Nb3 49. Kd3 Nc1+ 50. Kd2 Nxe2 51.
Kxe2 Rc8 52. Bc5 Kf7 53. Kd3 Ke8 54. Kc3 Kd7 55. Kb4 Kc6 56. Be7 Kd5 57. Bxg5 Rc4+ 58. Kxb5 Rxd4 59. Bf6 Rd2 60. Bg5 Rxh2 61. Bxf4 Rf2 62. g5 Rxf3 63. Bh2 Rf2 64. Bg3 Rg2 65. Bf4 Rxg5 66. Bxg5 h2 67. Bf6 h1=Q 68. Kxa4 Kc4 69. Ka5 Qb7 70. a4 Qa7# 0-1

[Event "Late-Titled-Tuesday-Blitz-April-02-2024"]
[Site "Chess.com"]
[Date "2024.04.02"]
[Round "11"]
[White "Veleamater"]
[Black "trriinu"]
[Result "1-0"]
[WhiteElo "2411"]
[BlackElo "2285"]
[TimeControl "180+1"]
[EndTime "16:05:11 PDT"]
[Termination "Veleamater won by resignation"]

1. e4 d5 2. exd5 Qxd5 3. Nc3 Qd6 4. Nf3 Nf6 5. Nb5 Qd8 6. d4 a6 7. Nc3 Nc6 8. h3 Bf5 9. Bd3 Bxd3 10. Qxd3 e6 11. Bg5 Nb4 12. Qd2 Nbd5 13. Nxd5 Qxd5 14. Bxf6 gxf6 15. O-O Rg8 16. Kh1 Bd6 17. Qd3 Qh5 18.
c4 O-O-O 19. Rac1 Rxg2 20. Kxg2 Rg8+ 21. Ng5 Rxg5+ 22. Kh1 Bg3 23. Qxg3 Rxg3 24. fxg3 Qxh3+ 25. Kg1 Qxg3+ 26. Kh1 Qh4+ 27. Kg2 Qg4+ 28. Kh2 Qxd4 29.
Rfd1 Qf2+ 30. Kh3 f5 31. Rc3 Qxb2 32. Rcd3 Qf6 33. c5 Qh6+ 34. Kg2 Qg5+ 35. Kf2 b5 36. c6 Qf4+ 37. Kg1 Qg4+ 38. Kf2 Qh4+ 39. Kg1 Qg4+ 40. Kf2 Kb8 41. Rd7 Ka7 42. Rxc7+ Kb6 43. Rcd7 Qf4+ 44. Ke2 Kxc6 45. R7d3 Qe4+ 46. Kf2 Kb6 47.
Re3 Qf4+ 48. Ke2 Qg4+ 49. Kd2 f4 50. Rd3 f3 51. Ke3 Qg3 52. Rf1 f2+ 53. Ke2 Qe5+ 54. Re3 Qb2+ 55. Kf3 Qf6+ 56. Ke2 Qb2+ 57. Kf3 f5 58. Rxf2 e5 59. Rxb2 e4+ 60. Rxe4 1-0

[Event "Late-Titled-Tuesday-Blitz-April-02-2024"]
[Site "Chess.com"]
[Date "2024.04.02"]
[Round "11"]
[White "vova-79"]
[Black "IMRosen"]
[Result "0-1"]
[WhiteElo "2564"]
[BlackElo "2688"]
[TimeControl "180+1"]
[EndTime "16:05:12 PDT"]
[Termination "IMRosen won on time"]

1. d4 d5 2. c4 e6 3. Nc3 Nf6 4. Nf3 Nbd7 5. cxd5 exd5 6. Bf4 Nb6 7. Qc2 c6 8. e3 Bd6 9. Bg3 O-O 10. Bd3 Re8 11. Bh4 g6 12. O-O Be7 13. Ne5 Ng4 14.
Bg3 Nxe5 15. Bxe5 Bd6 16. Bxd6 Qxd6 17. Rfe1 Bd7 18. Na4 Rad8 19. Nc5 Qc7 20. b4 Nc8 21. Rec1 Nd6 22. a4 a6 23. Rab1 Rc8 24. Qb3 Bf5 25. Bxf5 Nxf5 26. b5 axb5 27. axb5 Qe7 28. bxc6 bxc6 29.
Qd1 h5 30. h3 Qg5 31. Nd3 Nh4 32. Nf4 Nf5 33. Rb6 Ne7 34. Nd3 Red8 35. Rb7 Rd6 36. Rcb1 Nf5 37. Nf4 Rdd8 38. Qf3 Nd6 39. R7b2 Nc4 40. Ra2 Rb8 41. Rd1 Qf5 42. Ne2 Qxf3 43.
gxf3 Rb6 44. Kg2 Kg7 45. Nf4 Rd7 46. Nd3 Rdb7 47. Nc5 Re7 48. Nd3 Rxe3 49. Rdd2 Re7 50. Rdc2 Reb7 51. Nc5 Re7 52. Nd3 Kf6 53. Ra8 Reb7 54.
Rf8 Rb8 55. Rxb8 Rxb8 56. Ne5 Rc8 57. Nxc4 dxc4 58. Rxc4 Ke6 59. Rc5 Kd6 60. Kg3 Rb8 61.
Kf4 Rb4 62. Ke3 Rb3+ 63. Ke4 Rb2 64. Ke3 Rb4 0-1

[Event "Late-Titled-Tuesday-Blitz-April-02-2024"]
[Site "Chess.com"]
[Date "2024.04.02"]
[Round "11"]
[White "ural58"]
[Black "Hirna2005"]
[Result "1-0"]
[WhiteElo "2482"]
[BlackElo "2340"]
[TimeControl "180+1"]
[EndTime "16:05:18 PDT"]
[Termination "ural58 won by resignation"]

1. e4 g6 2. d4 Bg7 3. Nc3 d6 4. h4 h5 5. Nf3 Bg4 6. Be2 Nc6 7. Be3 e5 8. d5 Nce7 9. Nd2 Bxe2 10.
Qxe2 Nf6 11. f3 a6 12. a4 Qd7 13. a5 Bh6 14. Bxh6 Rxh6 15. Nc4 Rh8 16. b4 Kf8 17. Qe3 Kg7 18. Kd2 Ne8 19. Rag1 f5 20. f4 exf4 21. Qxf4 Nf6 22. Ne3 fxe4 23. Nxe4 Nfxd5 24. Nxd5 Nxd5 25. Qg5 Qf5 26. Qxf5 gxf5 27. Ng5 Nxb4 28. Re1 Nc6 29. Ne6+ Kf6 30. Nxc7 Rac8 31. Nd5+ Kf7 32. Rhf1 Ne5 33. Rxf5+ Kg6 34. Rg5+ Kh6 35. Rf1 Rhf8 36. Rxf8 Rxf8 37. Ne3 Rf4 38. Nf5+ Kh7 39. Nxd6 Rxh4 40. Rxe5 Rd4+ 41. Ke3 Rxd6 42. Rxh5+ Kg6 43. Rc5 Re6+ 44. Kd3 Rd6+ 45. Kc3 Rd7 46. g4 Kf6 47. Kc4 Rd2 48. c3 Rb2 49.
Rd5 Kg6 50. Kc5 Rb3 51. c4 Rb2 52. Kd6 Rc2 53. Rc5 Rg2 54. Kc7 Rb2 55. Kb8 Rb4 56. Ka7 Kf6 57. Rc7 Kg5 58. Rxb7 Rxc4 59. Kxa6 Kxg4 60.
Rf7 Kg5 61. Kb7 Kg6 62. Rf1 Rb4+ 63. Kc6 Ra4 64. Kb5 Ra2 65. a6 Kg5 66. Rb1 Kf6 67.
Kb6 Ke7 68. a7 Kd7 69. Kb7 Kd6 70. a8=Q 1-0

[Event "Late-Titled-Tuesday-Blitz-April-02-2024"]
[Site "Chess.com"]
[Date "2024.04.02"]
[Round "11"]
[White "Romkachess"]
[Black "alexrustemov"]
[Result "0-1"]
[WhiteElo "2678"]
[BlackElo "2860"]
[TimeControl "180+1"]
[EndTime "16:05:21 PDT"]
[Termination "alexrustemov won by resignation"]

1. e4 e6 2. d4 d5 3. Nc3 dxe4 4. Nxe4 Bd7 5. Nf3 Bc6 6. Bd3 Nd7 7. Qe2 Ngf6 8. Bg5 Be7 9. h4 h6 10. Nxf6+ Nxf6 11. Bd2 Qd5 12. c4 Qh5 13. Ne5 Qxe2+ 14.
Kxe2 Be4 15. Bxe4 Nxe4 16. Be3 h5 17. g3 Nd6 18. b3 Nf5 19. Rhd1 Bf6 20. Rac1 Rd8 21.
Nf3 c6 22. Rd3 O-O 23. Rcd1 Rfe8 24. Bg5 Rd6 25. Bf4 Rd7 26. Be5 Red8 27. a4 Be7 28. Bf4 f6 29. Be3 a6 30. Ng1 Kf7 31. Nh3 g6 32. Nf4 Bb4 33. Ng2 Ba5 34. Ne1 Bb6 35. Nc2 Bc7 36. b4 Nd6 37. c5 Nf5 38. Na3 Ne7 39. Nc4 Nd5 40. Bd2 e5 41. dxe5 Bxe5 42. Be1 Bc7 43. f3 Ke6 44. Ne3 Nxe3 45. Rxe3+ Kf7 46. Rxd7+ Rxd7 47. Rd3 Rxd3 48. Kxd3 Ke6 49.
Ke4 Be5 50. f4 Bb2 51. Bd2 f5+ 52. Kd3 Kd5 53. Be1 Bd4 54. a5 Bg1 55. Ke2 Ke4 56.
Kf1 Bd4 57. Ke2 Be3 58. Bc3 Bc1 59. Be1 Bb2 60. Bd2 Kd4 61. Be1 Kc4 62. Ke3 Bc3 63.
Bf2 Bxb4 64. Kf3 Bxa5 65. Be3 Bb4 66. g4 Bxc5 67. Kg3 Bxe3 68. gxh5 gxh5 0-1

[Event "Late-Titled-Tuesday-Blitz-April-02-2024"]
[Site "Chess.com"]
[Date "2024.04.02"]
[Round "11"]
[White "Kacparov"]
[Black "Angry_Twin"]
[Result "1-0"]
[WhiteElo "2960"]
[BlackElo "2938"]
[TimeControl "180+1"]
[EndTime "16:05:25 PDT"]
[Termination "Kacparov won by resignation"]

1. e4 c5 2. Nf3 d6 3. d4 cxd4 4. Nxd4 Nf6 5. f3 e5 6. Nb3 d5 7.
Bg5 Be6 8. Bxf6 gxf6 9. exd5 Qxd5 10. Qxd5 Bxd5 11. Nc3 Be6 12. O-O-O Nc6 13. Bb5 Rc8 14. Kb1 a6 15. Bxc6+ Rxc6 16. Na5 Rc7 17. Ne4 Ke7 18. Nb3 b6 19. Nc3 Rd7 20. Na4 Rb7 21. Nc3 Bh6 22.
Nd5+ Bxd5 23. Rxd5 Rg8 24. g3 Rc8 25. Rhd1 Be3 26. c3 h5 27. Kc2 h4 28. Kd3 Bg5 29. Ke4 a5 30. f4 Rc4+ 31. Kd3 Rc6 32. fxg5 Ke6 33. Rd8 fxg5 34. g4 f6 35. Nd2 Ke7 36. Rd5 Ke6 37. c4 Rc5 38. Ne4 Rxd5+ 39. cxd5+ Kxd5 40. Ke3+ Ke6 41. Rd6+ Ke7 42. Rxf6 Rc7 43. Rxb6 Rc2 44. h3 a4 45. a3 Rc1 46. Nf2 Re1+ 47. Kd2 Rf1 48. Ke2 Rc1 49. Kd3 Rf1 50. Ne4 Rf3+ 51. Kc4 Rxh3 52. Nxg5 Rg3 53. Kd5 Rxg4 54. Ne4 Kf7 55. Kxe5 Kg7 56. Kf5 Rg1 57. Ng5 h3 58.
Nxh3 Rg3 59. Nf4 Kf7 60. Ke5 Ke8 61. Nd5 Kd7 62. Kd4 Rg1 63. Kc5 Rc1+ 64. Kb5 Rd1 65. Nc3 Rd2 66. Nxa4 Kc7 67. Rc6+ Kb7 68. Rh6 Ka7 69.
b4 Rd3 70. Rh7+ Kb8 71. Nc5 Rxa3 72. Kb6 Ra6+ 73. Nxa6+ 1-0

[Event "Late-Titled-Tuesday-Blitz-April-02-2024"]
[Site "Chess.com"]
[Date "2024.04.02"]
[Round "11"]
[White "maracayo"]
[Black "Resignify"]
[Result "1-0"]
[WhiteElo "2365"]
[BlackElo "2238"]
[TimeControl "180+1"]
[EndTime "16:05:25 PDT"]
[Termination "maracayo won on time"]

1. d4 Nf6 2. Nf3 g6 3. c4 Bg7 4. Nc3 d6 5. g3 O-O 6. Bg2 Nbd7 7. O-O e5 8. e4 c6 9. dxe5 dxe5 10. Qd6 Re8 11. Bg5 h6 12. Be3 Bf8 13. Qd2 Kh7 14. Rad1 Ng4 15. Bh3 Ngf6 16. Qc2 Qe7 17. a3 a5 18. Na4 Bg7 19. c5 Nf8 20. Bxc8 Raxc8 21. Rd6 Ng4 22. Bc1 b5 23. Nb6 Rc7 24. h3 Nf6 25. Rfd1 N6d7 26. Nxd7 Nxd7 27. b4 axb4 28. axb4 Nf8 29.
Bb2 f6 30. Qd3 Ne6 31. Rd7 Rxd7 32. Qxd7 Qxd7 33. Rxd7 Kg8 34. Rd6 Nd8 35. Rd7 Ne6 36. Rd6 Nd8 37. h4 Kf7 38. h5 g5 39. Rd7+ Kg8 40.
Rc7 Bf8 41. Nh2 Re7 42. Rc8 Rd7 43. Ng4 Kg7 44. Nxe5 fxe5 45. Bxe5+ Kf7 46. f4 gxf4 47. gxf4 Be7 48. f5 Rd2 49. Rc7 Ke8 50. f6 Bf8 51. Bf4 Re2 52. e5 Ne6 53. Rc8+ Kf7 54. Bg3 1-0

[Event "Late-Titled-Tuesday-Blitz-April-02-2024"]
[Site "Chess.com"]
[Date "2024.04.02"]
[Round "11"]
[White "ATM622"]
[Black "azikom"]
[Result "1/2-1/2"]
[WhiteElo "2527"]
[BlackElo "2654"]
[TimeControl "180+1"]
[EndTime "16:05:26 PDT"]
[Termination "Game drawn by repetition"]

1. d4 d5 2. c4 e6 3. g3 c6 4. Bg2 f5 5. Nd2 Nf6 6. Ngf3 Bd6 7. O-O O-O 8. b3 Ne4 9. Bb2 Nd7 10. Ne5 Nxe5 11.
dxe5 Bc5 12. Nxe4 fxe4 13. e3 Bb6 14. Rc1 Bd7 15. Bd4 Qe7 16. c5 Bc7 17. f4 exf3 18. Rxf3 Qg5 19. h4 Qg6 20. Qc2 Qxc2 21. Rxc2 Rxf3 22.
Bxf3 Rf8 23. Kg2 Kf7 24. Bh5+ Ke7 25. Bf3 Be8 26. Rf2 Bg6 27. h5 Bd3 28. g4 a5 29. Kg3 Ke8 30. Rd2 Bb1 31. Rb2 Bd3 32. Rd2 Bb5 33. a4 Ba6 34. Rd1 h6 35. Kg2 Bd8 36. Kg3 Bg5 37. Rd2 Kd7 38. Rd1 Rg8 39.
Re1 Bd3 40. Bc3 Be7 41. Bd4 Bc2 42. Bd1 Bxd1 43. Rxd1 g6 44. hxg6 Rxg6 45. Rh1 Bg5 46. Rf1 Ke8 47. Rf3 Be7 48. Kh3 Bd8 49. Rf1 Bc7 50.
Rf6 Rxf6 51. exf6 Kf7 52. e4 dxe4 53. Be3 Kg6 54. f7 Kxf7 55. Bxh6 Kf6 56. Be3 Be5 57.
Kh4 Kg6 58. g5 Bc3 59. Kg4 Be5 60. Kh4 Bc7 61. Kg4 e5 62. Kh4 Bd8 63. Kg4 Be7 64. Kh4 Bf8 65. Kg4 Be7 66. Kh4 Bf8 67. Kg4 Be7 1/2-1/2